 Dungeon Crawl Stone Soup version 0.25-a0-663-gace7076f2c (webtiles) character file.

Game seed: 13998624959809171582, levelgen mode: deterministic

118 catzilla the Chopper (level 4, 0/39 HPs)
             Began as a Minotaur Berserker on Mar 25, 2020.
             Was a Believer of Trog.
             Slain by an ogre
             ... wielding a +0 giant club
              (18 damage)
             ... on level 3 of the Dungeon.
             The game lasted 00:21:36 (2018 turns).

catzilla the Chopper (Minotaur Berserker)           Turns: 2018, Time: 00:21:36

Health: 0/39       AC:  9    Str: 23    XL:     4   Next: 72%
Magic:  3/3        EV:  8    Int:  4    God:    Trog [**....]
Gold:   113        SH:  0    Dex:  9    Spells: 3/3 levels left

rFire    . . .     SeeInvis .   b - +0 war axe
rCold    . . .     Gourm    .   (no shield)
rNeg     . . .     Faith    .   n - +0 chain mail
rPois    .         Spirit   .   (helmet restricted)
rElec    .         Reflect  .   (no cloak)
rCorr    .         Harm     .   (no gloves)
MR       .....                  j - +0 pair of boots
Stlth    ..........             (no amulet)
HPRegen  0.13/turn              (no ring)
MPRegen  0.08/turn              (no ring)

@: no status effects
A: retaliatory headbutt, horns 2
a: Berserk, Trog's Hand, Renounce Religion


You were on level 3 of the Dungeon.
You worshipped Trog.
Trog was pleased with you.
You were not hungry.

You visited 1 branch of the dungeon, and saw 3 of its levels.

You collected 113 gold pieces.

Inventory:

Hand Weapons
 a - a +0 hand axe
 b - a +0 war axe (weapon)
 l - a +2 flail of holy wrath
Missiles
 m - 13 poisoned darts (quivered)
Armour
 j - a +0 pair of boots (worn)
 n - a +0 chain mail (worn)
Scrolls
 d - a scroll of identify
 g - 6 scrolls of teleportation
 i - a scroll of remove curse
Potions
 h - a potion of curing
Comestibles
 c - 3 rations
 f - 17 chunks of flesh


   Skills:
 - Level 3.6 Fighting
 * Level 6.6 Axes
 - Level 2.4 Armour
 - Level 2.1 Dodging
 + Level 0.2 Stealth


You had 3 spell levels left.
You didn't know any spells.
Your spell library was empty.

Dungeon Overview and Level Annotations

Branches:
Dungeon (3/15)

Altars:
Gozag
Kikubaaqudgha
Yredelemnul

Annotations:
D:2 2 transporters, Menkaure


Innate Abilities, Weirdness & Mutations

You reflexively headbutt those who attack you in melee.
You have a pair of horns on your head.


Message History

You kill the adder!
Trog accepts your kill.
You feel sick.
You see here an adder corpse.
You butcher the adder corpse.
f - 17 chunks of flesh (gained 1)
You see here an adder skeleton.
You feel sick.
You feel better.
An ogre comes into view. It is wielding a +0 giant club.
You barely miss the ogre. The ogre hits you but does no damage.
You hit the ogre. You headbutt the ogre!
The ogre is heavily wounded.
The ogre hits you with a +0 giant club!
Your chain mail prevents you from hitting the ogre.
The ogre is heavily wounded.
You completely miss the ogre. Your headbutt misses the ogre.
The ogre is heavily wounded.
The ogre hits you with a +0 giant club!!
You die...

### ... .. # .. #.
.# ... #.# .# #.#
#..##O## #.#
#..@..###.###
###.###.....##
#.##.8...8.# #..
#..#.......### #..
#......_.....# #..
#รท##.......#.###.#
#.##.8...8.#......
#..##.....##.##..#
###.###.###.)##..#


You could see an ogre.

Vanquished Creatures
  4 adders
  An ooze (D:1)
  2 leopard geckos
  8 orcs
  A ball python (D:2)
  7 bats
  A giant cockroach (D:1)
  6 goblins
  8 hobgoblins
  9 jackals
  7 kobolds
  4 frilled lizards
  3 rats (D:2)
61 creatures vanquished.

Notes
Turn   | Place    | Note
-------+----------+-------------------------------------------
     0 | D:1      | catzilla the Minotaur Berserker began the quest for the
                  | Orb.
     0 | D:1      | Reached XP level 1. HP: 19/19 MP: 0/0
   189 | D:1      | Reached skill level 4 in Axes
   231 | D:1      | Reached XP level 2. HP: 20/26 MP: 1/1
   765 | D:2      | Noticed a hungry ghost
   769 | D:2      | Found a transporter.
   792 | D:2      | Found a basalt altar of Yredelemnul.
   793 | D:2      | Noticed Menkaure
   803 | D:2      | Reached skill level 5 in Axes
   812 | D:2      | Found an ancient bone altar of Kikubaaqudgha.
   815 | D:2      | Found a transporter.
   829 | D:2      | Reached XP level 3. HP: 20/31 MP: 2/2
  1199 | D:2      | Reached ** piety under Trog
  1720 | D:2      | Reached skill level 6 in Axes
  1720 | D:2      | Reached XP level 4. HP: 17/39 MP: 3/3
  1974 | D:3      | Found an opulent altar of Gozag.
  2011 | D:3      | Noticed an ogre
  2018 | D:3      | Slain by an ogre

Levels and vault maps discovered:
D:1:      minmay_arrival_widening_spiral_narrow, layout_rooms,
          hangedman_abyss_or_decor_lesser_grid, chequers_jeans,
          minmay_misc_feat_nine_boxes
D:2:      layout_basic, gammafunk_temple_of_torment, minmay_between
D:3:      cheibrodos_old_hovel, layout_rooms, grunt_gozag_statues,
          marbit_many_paths, grunt_temple_overflow_open, first_ration

Skill      XL: |  1  2  3 |
---------------+----------+-----
Axes           | 4 5 6 |  6.6
Fighting       | |  3.6
Armour         | |  2.4
Dodging        | |  2.1
Stealth        | |  0.2

Action                   |  1- 3 |  4- 6 || total
-------------------------+-------+-------++-------
Melee: Hand axe          |    97 |    32 ||   129
       Headbutt          |    13 |     9 ||    22
       War axe           |       |    23 ||    23
Invok: Trog's Hand       |     1 |       ||     1
       Berserk           |       |     1 ||     1
  Use: Scroll            |       |     3 ||     3
       Potion            |       |     1 ||     1
  Eat: Chunk             |     3 |     2 ||     5
Armor: Animal skin       |     9 |       ||     9
       Ring mail         |    22 |     2 ||    24
       Chain mail        |       |    26 ||    26
Dodge: Dodged            |    60 |    34 ||    94

Table legend:
 A = Non-vault XP
 B = Vault XP
 C = Vault XP percentage of total XP
 D = Non-vault monster count
 E = Vault monster count
 F = Vault count percentage of total count
                 A         B        C        D         E       F
            +---------+---------+-------+---------+---------+-------
      Total |     162 |       7 |   4.1 |      57 |       4 |   6.6
            +---------+---------+-------+---------+---------+-------
        D:1 |      28 |       0 |   0.0 |      12 |       0 |   0.0
        D:2 |      96 |       7 |   6.8 |      37 |       4 |   9.8
        D:3 |      38 |       0 |   0.0 |       8 |       0 |   0.0
            +---------+---------+-------+---------+---------+-------
